 Dungeon Crawl Stone Soup version 0.30.0-29-ga12c61a403 (webtiles) character file.

Game seed: 5529384064005671870

39 qw the Chopper (level 3, -10/23 HPs)
             Began as a Gargoyle Fighter on June 4, 2023.
             Engulfed by Sigmund's steam (12 damage)
             ... on level 2 of the Dungeon.
             The game lasted 00:00:37 (881 turns).

qw the Chopper (Gargoyle Fighter)                    Turns: 881, Time: 00:00:38

Health: -10/23     AC: 10    Str: 21    XL:     3   Next: 45%
Magic:  3/3        EV:  9    Int:  8    God:
Gold:   67         SH:  4    Dex:  9    Spells: 2/2 levels left

rFire   . . .        Y - +0 war axe
rCold   . . .        c - +0 buckler
rNeg    + . .        b - +0 scale mail
rPois   inf          (no helmet)
rElec   +            (no cloak)
rCorr   .            (no gloves)
SInv    .            (no boots)
Will    .....        (no amulet) Stlth
                     (no ring)
HPRegen 0.23/turn    (no ring)
MPRegen 0.08/turn

%: no passive effects
@: very slow
A: sickness immunity, AC +3, negative energy resistance 1, electricity
resistance, torment resistance 1, petrification resistance
a: no special abilities


You were on level 2 of the Dungeon.
You visited 1 branch of the dungeon, and saw 2 of its levels.

You collected 67 gold pieces.


Innate Abilities, Weirdness & Mutations

You are immune to sickness and miasma.
Your stone body is resilient. (AC +3)
You are immune to poison.
You resist negative energy. (rN+)
You are resistant to electric shocks. (rElec)
You are resistant to unholy torment.
You are immune to petrification.


   Skills:
 - Level 3.2 Fighting
 + Level 3.4 Axes
 - Level 3.2 Armour
 - Level 3.2 Shields


You had 2 spell levels left.
You didn't know any spells.
Your spell library was empty.

Inventory:

Hand Weapons
 i - a +0 whip
 Y - a +0 war axe (weapon)
Armour
 b - a +0 scale mail (worn)
 c - a +0 buckler (worn)
Jewellery
 a - a +6 ring of dexterity
 e - an amulet of faith
Scrolls
 f - a scroll of enchant weapon {unknown}
Potions
 d - 3 potions of might
 g - a potion of magic {unknown}
 h - a potion of heal wounds {unknown}

Dungeon Overview and Level Annotations

Branches:
Dungeon (2/15)

Altars:

Shops:
D:2 =

Annotations:
D:2 Sigmund


Message History

You kill the bat!
Sigmund the Dreaded comes into view.
He is wielding a +0 scythe.
Sigmund shouts!
Enter note:
Enter note:
Enter note: You enter the shallow water.
Moving in this stuff is going to be slow.
Enter note:
Enter note:
Enter note:
Enter note:
Enter note:
Enter note: You enter the shallow water.
Moving in this stuff is going to be slow.
Sigmund hits you but does no damage.
Enter note:
Enter note:
Enter note: Your unstable footing causes you to fumble your attack.
Sigmund hits you but does no damage.
Your unstable footing causes you to fumble your attack.
Sigmund hits you with a +0 scythe.
Your unstable footing causes you to fumble your attack.
Sigmund points at you and mumbles some strange words.
The puff of flame hits you!
You hit Sigmund but do no damage.
You are engulfed in a cloud of scalding steam.
Sigmund barely misses you.
You closely miss Sigmund.
You are engulfed in a cloud of scalding steam.
Sigmund breathes a few words.
Sigmund's hands start flickering wildly.
Sigmund barely misses you.
You hit Sigmund.
Sigmund is lightly wounded.
You are engulfed in a cloud of scalding steam.
Ouch! That really hurt!
You die...

#.............#
#.............#
#..~~~~.~~~~~.#
#..~~~~.~~~~~.#
#..~~~~.~~~~~.#
#..~~~~.~~~~~.#
#..~~~~.......#
#.?......~~~~.#
#..@~~~~.~~~~.
#.@~~~~~.~~
#..~~~~~.~~
#..~~~~~.~~
...........
...........#
###########.#
.#


You could see Sigmund.

Vanquished Creatures
  6 bats
  3 endoplasms
  2 giant cockroaches (D:1)
  3 goblins
  2 hobgoblins
  4 jackals (D:1)
  2 quokkas
  2 ball pythons (D:1)
  2 frilled lizards
  5 kobolds
  2 rats (D:1)
33 creatures vanquished.

Notes
Turn   | Place    | Note
-------+----------+-------------------------------------------
     0 | D:1      | qw the Gargoyle Fighter began the quest for the Orb.
     0 | D:1      | Reached XP level 1. HP: 14/14 MP: 1/1
     0 | D:1      | 0 ||| qw: Version: 0.2-a-107-g4668610
     0 | D:1      | 0 ||| qw: Game counter: 1275
     0 | D:1      | 0 ||| qw: Always use a shield: true
     0 | D:1      | 0 ||| qw: God list: Okawaru
     0 | D:1      | 0 ||| qw: Allow faded altars: false
     0 | D:1      | 0 ||| qw: Do Orc after D:15 true
     0 | D:1      | 0 ||| qw: Do second Lair branch before Depths: true
     0 | D:1      | 0 ||| qw: Lair rune preference: random
     0 | D:1      | 0 ||| qw: Plans: Normal, Zot:1-4, Slime:5, God:TSO, Crypt,
                  | Tomb, Abyss, Pan, Hells, Win
     0 | D:1      | 0 ||| PLANNING D:1-11
    52 | D:1      | Found a faded altar of an unknown god.
    82 | D:1      | 82 ||| Stepping ~*~*~tactically~*~*~ (stealth).
    92 | D:1      | Reached XP level 2. HP: 16/19 MP: 2/2
   348 | D:1      | 348 ||| Stepping ~*~*~tactically~*~*~ (stealth).
   349 | D:1      | 349 ||| Stepping ~*~*~tactically~*~*~ (stealth).
   355 | D:1      | Reached skill level 3 in Axes
   358 | D:1      | Reached XP level 3. HP: 20/23 MP: 3/3
   388 | D:1      | 388 ||| Stepping ~*~*~tactically~*~*~ (hiding).
   574 | D:1      | 574 ||| READING 2 scrolls labelled ZIUNKEMUELL.
   575 | D:1      | 575 ||| READING scroll labelled VECRUO ONAF.
   576 | D:1      | 576 ||| DROPPING scroll of amnesia.
   712 | D:2      | 712 ||| Stepping ~*~*~tactically~*~*~ (stealth).
   725 | D:2      | 725 ||| Stepping ~*~*~tactically~*~*~ (stealth).
   734 | D:2      | 734 ||| Stepping ~*~*~tactically~*~*~ (stealth).
   734 | D:2      | Found Agewniuf's Jewellery Shop.
   774 | D:2      | 774 ||| SHOPLISTING +6 ring of dexterity (468 gold, have
                  | 63).
   774 | D:2      | 774 ||| SHOPLISTING amulet of Xuirgho Cyx {rN+ Regen+ rCorr
                  | Str-4} (499 gold, have 63).
   774 | D:2      | 774 ||| SHOPLISTING amulet of reflection (390 gold, have
                  | 63).
   774 | D:2      | 774 ||| SHOPLISTING amulet of regeneration (390 gold, have
                  | 63).
   774 | D:2      | 774 ||| SHOPLISTING ring of protection from cold (325 gold,
                  | have 63).
   774 | D:2      | 774 ||| SHOPLISTING ring of see invisible (195 gold, have
                  | 63).
   790 | D:2      | 790 ||| Stepping ~*~*~tactically~*~*~ (stealth).
   872 | D:2      | Noticed Sigmund
   880 | D:2      | HP: 2/23 [Sigmund] (9)]
   881 | D:2      | Engulfed by Sigmund's steam

Levels and vault maps discovered:
D:1:      minmay_arrival_semitransparent, layout_rooms,
          shapermc_ecumenical_altar_pompeii, minmay_tripent
D:2:      layout_loops_ring, serial_shops, shop, minmay_misc_feat_nine_boxes,
          minivault_14, uniq_sigmund

Skill      XL: |  1  2 |
---------------+-------+-----
Axes           | 2 3 |  3.4
Fighting       | |  3.2
Armour         | |  3.2
Shields        | |  3.2

Action                     || total
---------------------------++-------
  Melee: War axe           ||   112
    Use: Scroll            ||     2
 Armour: Scale mail        ||    60
  Dodge: Dodged            ||    43
  Block: Buckler           ||    22

Table legend:
 A = Non-vault XP
 B = Vault XP
 C = Vault XP percentage of total XP
 D = Non-vault monster count
 E = Vault monster count
 F = Vault count percentage of total count
                 A         B        C        D         E       F
            +---------+---------+-------+---------+---------+-------
      Total |      52 |       4 |   7.1 |      31 |       2 |   6.1
            +---------+---------+-------+---------+---------+-------
        D:1 |      34 |       4 |  10.5 |      20 |       2 |   9.1
        D:2 |      18 |       0 |   0.0 |      11 |       0 |   0.0
            +---------+---------+-------+---------+---------+-------
